 Dungeon Crawl Stone Soup version 0.19-a0-231-gae044c8 (webtiles) character file.

104254 oplop the Spry (level 15, -1/81 HPs)
             Began as a Spriggan Enchanter on May 24, 2016.
             Was the Champion of Dithmenos.
             Slain by a siren
             ... wielding a +0 spear
              (18 damage)
             ... on level 1 of the Shoals on May 25, 2016.
             The game lasted 01:41:59 (23363 turns).

oplop the Spry (Spriggan Enchanter)                Turns: 23363, Time: 01:41:59

Health: -1/81      AC:  4    Str:  4    XL:     15   Next: 91%
Magic:  6/39       EV: 41    Int: 17    God:    Dithmenos [******]
Gold:   2496       SH:  0    Dex: 31    Spells: 6 memorised, 21 levels left

rFire  + . .     SeeInvis +     t - +6 quick blade
rCold  . . .     Gourm    .     b - +2 robe
rNeg   . . .     Faith    .     (shield restricted)
rPois  +         Spirit   .     (helmet restricted)
rElec  .         Dismiss  .     F - +0 cloak
rCorr  .         Reflect  .     (gloves unavailable)
SustAt .         Harm     .     (boots unavailable)
MR     ++...     Clarity  +     (no amulet)
Stlth  ++++++++++               z - ring of magical power
                                K - ring of Sovereignty {+Fly rPois rF+ Dex+6}

@: wreathed by umbra, repel missiles, very quick, very resistant to hostile
enchantments, uncannily stealthy
A: unfitting armour, see invisible, agile 1, clarity, deformed body, herbivore
3, speed 3, mutation resistance 1, slow metabolism 2, wild magic 1
a: Shadow Step, Shadow Form, Renounce Religion, Evoke Flight


You were on level 1 of the Shoals.
You worshipped Dithmenos.
Dithmenos was exalted by your worship.
You were not hungry.

You visited 6 branches of the dungeon, and saw 28 of its levels.
You also visited: Ossuary and Bailey.

You collected 3018 gold pieces.
You spent 522 gold pieces at shops.

Inventory:

Hand Weapons
 t - a +6 quick blade (weapon)
Missiles
 R - 15 curare-tipped needles
Armour
 b - a +2 robe (worn)
 C - a +2 buckler
 F - a +0 cloak (worn)
Jewellery
 g - an uncursed ring of protection from fire
 q - an uncursed ring of ice
 z - a ring of magical power (right hand)
 K - the ring of Sovereignty (left hand) {+Fly rPois rF+ Dex+6}
   (You found it on level 7 of the Dungeon)

   [ring of flight]

   It affects your dexterity (+6).
   It protects you from fire.
   It protects you from poison.
   It lets you fly.
 T - an uncursed ring of positive energy
Wands
 j - a wand of polymorph (13/24)
 A - a wand of digging (8/24)
 D - a wand of paralysis (14/24)
 I - a wand of teleportation (3/9)
 X - a wand of confusion (48/48)
Scrolls
 a - 3 scrolls of vulnerability
 e - 5 scrolls of enchant armour
 i - 8 scrolls of remove curse
 l - 9 scrolls of teleportation
 m - 6 scrolls of identify
 o - 2 scrolls of fear
 w - 4 scrolls of recharging
 y - 4 scrolls of blinking
 E - 3 scrolls of fog
 G - 3 scrolls of enchant weapon
 J - 4 scrolls of magic mapping
 V - a scroll of summoning
 Z - 2 scrolls of amnesia
Potions
 f - 4 potions of agility
 h - 8 potions of curing
 k - 10 potions of brilliance
 n - 5 potions of might
 p - 5 potions of flight
 r - 3 potions of lignification
 u - a potion of ambrosia
 H - 7 potions of heal wounds
 M - 4 potions of magic
 N - 2 potions of resistance
 O - 3 potions of haste
 P - 4 potions of cancellation
 Q - 2 potions of invisibility
 W - a potion of berserk rage
 Y - a potion of cure mutation
Books
 c - a Fen Folio

   Spells                             Type                      Level
   a - Corpse Rot                     Necromancy                   2
   b - Stone Arrow                    Conjuration/Earth            3
   c - Leda's Liquefaction            Hexes/Earth                  4
   d - Summon Forest                  Summoning/Translocation      5
   e - Hydra Form                     Transmutation                6
   f - Summon Hydra                   Summoning                    7
Comestibles
 d - 11 bread rations
 x - 24 fruits
 S - a slice of pizza
 U - 6 royal jellies


   Skills:
 - Level 10.3 Fighting
 - Level 10.1 Short Blades
 - Level 19.1 Dodging
 + Level 10.2 Stealth
 + Level 5.9 Shields
 - Level 10.5 Spellcasting
 - Level 11.4 Hexes
 - Level 9.0 Charms
 - Level 5.6 Air Magic
 - Level 9.7 Invocations


You had 21 spell levels left.
You knew the following spells:

 Your Spells              Type           Power        Failure   Level  Hunger
a - Corona                Hex            ######.      1%          1    None
b - Ensorcelled Hibernat  Hex/Ice        #####.       2%          2    None
c - Confuse               Hex            ######..     1%          3    None
d - Tukima's Dance        Hex            ######..     1%          3    None
e - Repel Missiles        Chrm/Air       #####.       1%          2    None
f - Dazzling Spray        Conj/Hex       #####.       4%          3    None


Dungeon Overview and Level Annotations

Branches:
Dungeon (15/15)            Temple (1/1) D:6            Lair (8/8) D:11
 Shoals (1/4) Lair:5        Snake (0/4) Lair:3        Slime (1/6) Lair:6
    Orc (2/2) D:10            Elf (0/3) Orc:2        Vaults (0/5) D:14
 Depths (0/5) D:15

Altars:
Ashenzari
Cheibriados
Dithmenos
Elyvilon
Gozag
Hepliaklqana
Kikubaaqudgha
Makhleb
Nemelex Xobeh
Okawaru
Ru
Sif Muna
Ukayaw
Vehumet
Xom
Yredelemnul
Zin
The Shining One
Beogh
Jiyva

Shops:
D:7 (   D:13 *   Orc:2 *}[*

Annotations:
D:4 Robin; kirsanium's ghost, amateur FoFi
Lair:7 exclusion: ice statue


Innate Abilities, Weirdness & Mutations

You are tiny and cannot use many weapons and most armour.
You have supernaturally acute eyesight. (SInv)
You are a herbivore.
You cover ground extremely quickly.
You need consume almost no food.
You are agile. (Dex +2)
You possess an exceptional clarity of mind.
Armour fits poorly on your strangely shaped body.
You are somewhat resistant to further mutation.
Your spells are a little harder to cast, but a little more powerful.


Message History

Press: ? - help, Shift-Dir - straight line, f - snapping turtle
Aim: a snapping turtle (umbra, chance to defeat MR: 47%)
The snapping turtle resists with some effort.
The siren completely misses you. The snapping turtle bites you!!
You emit a cloud of dark smoke.
Casting: Ensorcelled Hibernation
Confirm with . or Enter, or press ? or * to list all spells.
Aiming: Ensorcelled Hibernation
Press: ? - help, Shift-Dir - straight line, f/p - snapping turtle
Aim: a snapping turtle (umbra, chance to defeat MR: 47%)
The snapping turtle looks drowsy...
Your shadow mimicks your spell!
The snapping turtle is unaffected.
The siren hits you with a spear!
* * * LOW HITPOINT WARNING * * *
The helpless snapping turtle fails to defend itself.
You spit the snapping turtle like a pig!!!!
You kill the snapping turtle!
Dithmenos accepts your kill. The siren hits you with a spear!!
You die...

≈≈≈≈≈≈≈.#
≈≈≈≈≈≈≈.# ####
≈≈≈≈≈≈≈.###....
≈≈≈≈≈≈≈≈≈≈.....
≈≈≈≈≈≈≈≈≈≈..#
≈≈≈≈≈≈.≈≈≈.###.
≈≈.≈≈§§§§≈)....
≈≈≈≈≈§§§§≈≈....
≈≈≈≈§§§@§≈≈≈.##
≈≈≈≈§§m...≈..#
≈≈≈≈≈≈≈≈≈...##
≈≈≈≈≈≈≈(≈≈..#
≈≈../...≈≈...#
≈.###..≈≈≈...#
.. #......≈≈..
#.......≈≈.


You could see a siren.

Vanquished Creatures
  A fire giant (D:15)
  Nessos (Lair:6)
  The ghost of no0bjke the Fighter, a journeyman GrFi of Hepliaklqana (D:13)
  A salamander stormcaller (D:15)
  2 dire elephants (Lair:8)
  The ghost of jacquesderrida the Spear-Bearer, a journeyman DsSk of Ashenzari (Orc:2)
  Erolcha (D:13)
  A rakshasa (D:13)
  5 hydras
  4 centaur warriors
  2 death knights
  A catoblepas (Lair:8)
  2 tengu warriors
  5 ogre magi
  A merfolk avatar (Shoals:1)
  4 death yaks (Lair:8)
  A deep troll shaman (Lair:8)
  An iron troll (D:14)
  Nergalle (Lair:1)
  A shadow wraith (D:14)
  An unseen horror (D:14)
  An orc knight (Orc:1)
  2 wizards
  4 hill giants
  A wolf spider zombie (D:15)
  6 griffons
  2 deep elf magi (D:12)
  5 cyclopes
  7 ugly things
  A faun (Shoals:1)
  2 orc sorcerers (Orc:1)
  2 manticores
  20 elephants
  A siren (Shoals:1)
  A water nymph (Shoals:1)
  A molten gargoyle (Lair:6)
  6 black mambas
  11 spiny frogs
  2 rime drakes
  9 komodo dragons
  5 kobold demonologists
  A freezing wraith (Lair:7)
  A tengu conjurer (D:14)
  A queen bee (D:8)
  3 polar bears
  17 two-headed ogres
  A harpy zombie (D:15)
  2 merfolk (Shoals:1)
  Grinder (D:4)
  7 trolls
  18 blink frogs
  13 slime creatures
  3 snapping turtles (Shoals:1)
  A shadow (D:12)
  A redback (shapeshifter) (D:14)
  4 wyverns
  37 yaks
  12 vampire mosquitoes
  2 basilisks
  A hungry ghost (D:11)
  15 hippogriffs
  Menkaure (D:4)
  3 nagas (Lair:3)
  7 wargs
  14 water moccasins
  13 porcupines
  22 orc warriors
  5 sky beasts
  5 ice beasts
  16 wolves
  3 phantoms
  27 ogres
  30 centaurs
  23 crocodiles
  4 big kobolds
  16 giant frogs
  4 scorpions
  16 killer bees
  A vampire bat (D:10)
  4 wights (D:11)
  3 howler monkeys
  2 lava snakes (Lair:6)
  6 crimson imps
  A giant frog zombie (D:12)
  4 jellies
  5 centaur zombies
  Crazy Yiuf (D:7)
  18 orc priests
  5 hounds
  An iron imp (D:8)
  30 orc wizards
  6 centaur skeletons
  3 giant frog skeletons
  10 iguanas
  11 worker ants
  46 sheep
  A hound zombie (D:10)
  A hound skeleton (D:6)
  4 mummies (Ossuary)
  A worker ant zombie (D:5)
  A howler monkey zombie (D:8)
  6 gnolls
  10 adders
  71 river rats
  A shadow imp (D:10)
  A white imp (Lair:7)
  An ooze (D:6)
  3 adder zombies
  3 adder skeletons
  A worm (D:2)
  2 dart slugs
  6 giant geckos
  84 orcs
  2 ball pythons (D:1)
  4 giant cockroaches
  11 goblins
  12 hobgoblins
  2 jackals (D:8)
  6 quokkas
  12 bats
  A giant cockroach zombie (D:3)
  3 giant newts
  A gnoll skeleton (Ossuary)
  2 gnoll zombies (Ossuary)
  5 goblin skeletons
  4 goblin zombies (Ossuary)
  2 hobgoblin skeletons (Ossuary)
  6 hobgoblin zombies
  22 kobolds
  5 kobold skeletons
  3 kobold zombies (Ossuary)
  6 orc skeletons
  6 orc zombies
  2 rats
  6 rat skeletons (Ossuary)
  A rat zombie (Ossuary)
955 creatures vanquished.

Vanquished Creatures (collateral kills)
  2 hill giants
  2 two-headed ogres
  A merfolk (Shoals:1)
  6 orc warriors
  An ogre (D:15)
  A wight (D:11)
  3 orc wizards
  3 gnolls (Bailey)
  4 orcs (Orc:2)
  A goblin (Bailey)
  3 hobgoblins (Bailey)
  A kobold (Bailey)
28 creatures vanquished.

Vanquished Creatures (others)
  7 dancing weapons
  A naga (Lair:3)
  An ogre (Orc:2)
  A centaur (D:12)
  2 goblin zombies (Ossuary)
  4 hobgoblin skeletons (Ossuary)
  A kobold skeleton (Ossuary)
  2 kobold zombies (Ossuary)
  3 orc zombies (Ossuary)
  2 rat skeletons (Ossuary)
  A rat zombie (Ossuary)
  2 fungi (Lair:8)
  4 plants
31 creatures vanquished.

Grand Total: 1014 creatures vanquished

Notes
Turn   | Place    | Note
--------------------------------------------------------------
     0 | D:1      | oplop the Spriggan Enchanter began the quest for the Orb.
     0 | D:1      | Reached XP level 1. HP: 9/9 MP: 5/5
   129 | D:1      | Reached XP level 2. HP: 8/13 MP: 3/6
   417 | D:1      | Learned a level 2 spell: Ensorcelled Hibernation
   554 | D:1      | Reached skill level 4 in Dodging
   604 | D:1      | Reached XP level 3. HP: 15/16 MP: 8/8
   799 | D:2      | Found a sparkling altar of Nemelex Xobeh.
   922 | D:2      | Reached skill level 5 in Stealth
   959 | D:2      | Found a sacrificial altar of Ru.
  1492 | D:3      | Learned a level 3 spell: Confuse
  1504 | D:3      | Reached XP level 4. HP: 16/21 MP: 5/10
  1910 | D:3      | Found a faded altar to an unknown god.
  2105 | D:4      | Reached XP level 5. HP: 24/24 MP: 4/11
  2142 | D:4      | Noticed Robin
  2195 | D:4      | Noticed Grinder
  2200 | D:4      | Noticed Menkaure
  2266 | D:4      | Found a snail-covered altar of Cheibriados.
  2266 | D:4      | Noticed a centaur
  2296 | D:4      | Killed a centaur
  2296 | D:4      | Reached skill level 5 in Dodging
  2380 | D:4      | Reached skill level 5 in Hexes
  2380 | D:4      | Reached XP level 6. HP: 15/28 MP: 5/13
  2552 | D:4      | Noticed kirsanium's ghost (amateur FoFi)
  2998 | D:4      | Killed Grinder
  2998 | D:4      | Reached skill level 6 in Dodging
  2998 | D:4      | Reached XP level 7. HP: 28/32 MP: 5/15
  3039 | D:4      | Killed Menkaure
  3039 | D:4      | Reached skill level 5 in Spellcasting
  3106 | D:4      | Found a deep blue altar of Sif Muna.
  3182 | D:5      | Entered Level 5 of the Dungeon
  3752 | D:5      | Reached skill level 7 in Dodging
  4091 | D:5      | Found a white marble altar of Elyvilon.
  4138 | D:6      | Found a staircase to the Ecumenical Temple.
  4139 | D:6      | Reached XP level 8. HP: 36/36 MP: 17/17
  4145 | Temple   | Entered the Ecumenical Temple
  4166 | Temple   | Became a worshipper of Dithmenos the Shadowed
  4453 | D:6      | Found a basalt altar of Yredelemnul.
  4490 | D:6      | Identified the Guide on Harmful Beguiling
  4746 | D:6      | Reached skill level 8 in Dodging
  5061 | D:7      | Noticed Crazy Yiuf
  5067 | D:7      | Killed Crazy Yiuf
  5079 | D:7      | Learned a level 3 spell: Tukima's Dance
  5204 | D:7      | Reached skill level 5 in Short Blades
  5231 | D:7      | Found Noptoabb's Weapon Shoppe.
  5265 | D:7      | Reached XP level 9. HP: 39/39 MP: 17/20
  5281 | D:7      | Got a wavering turquoise ring
  5443 | D:7      | Identified the ring of Sovereignty {+Fly rPois rF+ Dex+6} (You found it on level 7 of the Dungeon)
  5572 | D:8      | Reached * piety under Dithmenos
  5578 | D:8      | Found a sand-covered staircase.
  5595 | Ossuary  | Entered an ossuary
  5813 | Ossuary  | Reached ** piety under Dithmenos
  6203 | D:8      | Reached skill level 1 in Fighting
  6216 | D:8      | Found a glowing golden altar of the Shining One.
  6239 | D:8      | Found a burning altar of Makhleb.
  6349 | D:8      | Noticed a queen bee
  6356 | D:8      | Killed a queen bee
  6356 | D:8      | Reached skill level 9 in Dodging
  6399 | D:8      | Found a glowing silver altar of Zin.
  6399 | D:8      | Noticed an angel
  6403 | D:8      | Found a shimmering altar of Xom.
  6586 | D:8      | Reached *** piety under Dithmenos
  7086 | D:8      | Found a hazy altar of Hepliaklqana.
  7113 | D:9      | Reached skill level 10 in Dodging
  7388 | D:9      | Reached XP level 10. HP: 48/48 MP: 23/23
  7792 | D:10     | Entered Level 10 of the Dungeon
  7984 | D:10     | Found a burning altar of Makhleb.
  8091 | D:10     | Noticed a hill giant
  8100 | D:10     | Killed a hill giant
  8262 | D:10     | Reached **** piety under Dithmenos
  8357 | D:10     | Found a roughly hewn altar of Beogh.
  8357 | D:10     | Found a staircase to the Orcish Mines.
  8505 | D:10     | Reached skill level 11 in Dodging
  9026 | D:11     | Found a staircase to the Lair.
  9047 | D:11     | Noticed a brown ugly thing
  9054 | D:11     | Killed a brown ugly thing
  9196 | D:11     | Noticed a green ugly thing
  9217 | D:11     | Killed a green ugly thing
  9217 | D:11     | Reached XP level 11. HP: 42/54 MP: 5/25
  9302 | D:11     | Noticed a hill giant
  9342 | D:11     | Reached skill level 10 in Hexes
  9404 | D:11     | Noticed a wizard
  9410 | D:11     | Killed a wizard
  9497 | D:11     | Killed a hill giant
  9631 | D:11     | Gained mutation: You are agile. (Dex +2) [potion of beneficial mutation]
  9632 | D:11     | Gained mutation: Your spells are a little harder to cast, but a little more powerful. [potion of beneficial mutation]
  9690 | D:11     | Learned a level 2 spell: Repel Missiles
  9712 | D:11     | Reached skill level 5 in Fighting
  9746 | D:12     | Noticed a deep elf mage
  9763 | D:12     | Killed a deep elf mage
  9763 | D:12     | Reached skill level 12 in Dodging
  9785 | D:12     | Noticed a purple ugly thing
  9796 | D:12     | Killed a purple ugly thing
  9796 | D:12     | Reached skill level 10 in Spellcasting
  9861 | D:12     | Reached ***** piety under Dithmenos
  9892 | D:12     | Noticed a deep elf mage
  9897 | D:12     | Killed a deep elf mage
 10006 | D:12     | Learned a level 3 spell: Dazzling Spray
 10039 | D:12     | Noticed a cyan ugly thing
 10046 | D:12     | Killed a cyan ugly thing
 10320 | D:12     | Noticed a hill giant
 10327 | D:12     | Killed a hill giant
 10677 | D:13     | Reached skill level 1 in Charms
 10842 | D:13     | Noticed a hill giant
 10924 | D:13     | Reached XP level 12. HP: 48/60 MP: 3/27
 11002 | D:13     | Noticed a rakshasa
 11008 | D:13     | Killed a rakshasa
 11008 | D:13     | Reached skill level 1 in Air Magic
 11015 | D:13     | Noticed no0bjke's ghost (journeyman GrFi)
 11134 | D:12     | Identified a scroll of acquirement
 11190 | Lair:1   | Entered Level 1 of the Lair of Beasts
 11214 | Lair:1   | Reached skill level 13 in Dodging
 11635 | Lair:1   | Noticed Nergalle
 11642 | Lair:1   | Killed Nergalle
 11694 | Lair:1   | Reached skill level 5 in Charms
 12051 | Lair:2   | Reached skill level 10 in Short Blades
 12270 | Lair:2   | Noticed an eight-headed hydra
 12280 | Lair:2   | Killed an eight-headed hydra
 12562 | Lair:2   | Reached skill level 14 in Dodging
 12680 | Lair:3   | Noticed a seven-headed hydra
 12687 | Lair:3   | Killed a seven-headed hydra
 12755 | Lair:3   | Noticed a six-headed hydra
 12762 | Lair:3   | Killed a six-headed hydra
 12762 | Lair:3   | Reached XP level 13. HP: 67/67 MP: 28/28
 12935 | Lair:3   | Found a staircase to the Snake Pit.
 13623 | Lair:4   | Reached ****** piety under Dithmenos
 13846 | Lair:4   | Reached skill level 5 in Air Magic
 14320 | Lair:5   | Found a staircase to the Shoals.
 14960 | Lair:6   | Reached skill level 15 in Dodging
 15072 | Lair:6   | Found a staircase to the Slime Pits.
 15073 | Lair:6   | Found a viscous altar of Jiyva.
 15110 | Lair:6   | Reached skill level 1 in Invocations
 15152 | Lair:6   | Noticed Nessos
 15159 | Lair:6   | Killed Nessos
 15674 | Slime:1  | Entered Level 1 of the Pits of Slime
 15739 | Lair:7   | Noticed a dire elephant
 16009 | Lair:7   | Reached skill level 16 in Dodging
 16030 | Lair:7   | Reached XP level 14. HP: 61/74 MP: 5/29
 16378 | Lair:7   | Identified Dunaipp's Papyrus of Ice and Augmentations (You found it on level 7 of the Lair of Beasts)
 16603 | D:13     | Noticed Erolcha
 16621 | D:13     | Killed Erolcha
 16621 | D:13     | Reached skill level 5 in Invocations
 16704 | D:13     | Found Fajaurph's Assorted Antiques.
 16864 | D:13     | Killed no0bjke's ghost
 17008 | D:14     | Found a flagged portal.
 17032 | Bailey   | Entered a bailey
 17295 | D:14     | Found a gate to the Vaults.
 17677 | D:14     | Reached skill level 17 in Dodging
 17937 | D:15     | Entered Level 15 of the Dungeon
 18062 | D:15     | Reached skill level 10 in Fighting
 18077 | D:15     | Found a staircase to the Depths.
 18077 | D:15     | Noticed a fire giant
 18425 | D:15     | Killed a fire giant
 19062 | D:15     | Reached skill level 18 in Dodging
 19067 | D:15     | Reached XP level 15. HP: 63/81 MP: 6/30
 19324 | Orc:1    | Entered Level 1 of the Orcish Mines
 19606 | Orc:1    | Found a roughly hewn altar of Beogh.
 19914 | Orc:2    | Entered Level 2 of the Orcish Mines
 20215 | Orc:2    | Noticed jacquesderrida's ghost (journeyman DsSk)
 20413 | Orc:2    | Found a staircase to the Elven Halls.
 20568 | Orc:2    | Found Wali's General Store.
 20568 | Orc:2    | Found Gapsoz's Gadget Shop.
 20568 | Orc:2    | Found Affaguji's Armour Shop.
 20568 | Orc:2    | Found Asismot's Assorted Antiques.
 20918 | Orc:2    | Reached skill level 19 in Dodging
 21288 | Orc:2    | Killed jacquesderrida's ghost
 21387 | Orc:2    | Bought 2 potions of heal wounds for 150 gold pieces
 21393 | Orc:2    | Bought a runed silver wand for 92 gold pieces
 21395 | Orc:2    | Bought a +2 buckler for 280 gold pieces
 21801 | Lair:8   | Entered Level 8 of the Lair of Beasts
 21815 | Lair:8   | Reached skill level 1 in Shields
 22547 | Lair:8   | Reached skill level 5 in Shields
 22568 | Lair:8   | Gained mutation: Armour fits poorly on your strangely shaped body. [potion of mutation]
 22568 | Lair:8   | Gained mutation: You are somewhat resistant to further mutation. [potion of mutation]
 22571 | Lair:8   | Gained mutation: You possess an exceptional clarity of mind. [potion of mutation]
 23177 | Shoals:1 | Entered Level 1 of the Shoals
 23291 | Shoals:1 | Reached skill level 10 in Stealth
 23363 | Shoals:1 | Slain by a siren

Vault maps used:
D:1:      saegor_arrival_simple_c, minmay_door_square, serial_bayou_lagoon_a
D:2:      nemelex_xobeh_ov_fountains_minmay, nicolae_overflow_crystal_walls,
          serial_bayou, serial_bayou_shore_a, serial_bayou_pond_d,
          serial_bayou_lagoon_b, serial_bayou_ford_a, first_bread,
          kennysheep_decorative_pillar
D:3:      serial_undead, serial_undead_b, serial_undead_e, serial_undead_b,
          serial_undead_f, ecumenical_altar_1
D:4:      cheibriados_altar_1, lemuel_crystal_altar, uniq_robin, uniq_grinder,
          uniq_menkaure
D:5:      elyvilon_altar_4
D:6:      temple_statues, basic_altar
D:7:      serial_shops, shop, uniq_crazy_yiuf_cottage
D:8:      minmay_flawed_box, grunt_temple_overflow_order_and_chaos_1,
          lemuel_crystal_altar, nicolae_tso_besieged_by_evil, kennysheep_mini,
          nicolae_ossuary_entry_ruins, david_nohive_1
D:9:      serial_column_ruins, column_ruins_hut, column_ruins_square_large,
          column_ruins_open_large, column_ruins_columns_plus,
          column_ruins_corridor_dead_end, column_ruins_open_tiny,
          column_ruins_open_small, st_stairs_9
D:10:     david_orc_5, roderic_batcave, bloody_makhleb
D:11:     erik_lair_orcish_takeover, lightli_wizard_tower
D:13:     serial_shops, nicolae_shop_crystal, uniq_erolcha
D:14:     david_vaults_4, enter_bailey_7, minmay_staircase_bubble
D:15:     grunt_enter_depths_giant_problem
Temple:   circular_temple_12
Lair:1:   uniq_nergalle
Lair:2:   nicolae_lair_grove_arrangements, grunt_megastairs_3, lemuel_fruit_tree
Lair:3:   minmay_snake_entry_guardpost_small, pond, grunt_megastairs_4
Lair:5:   minmay_shoals_entry_centaurs
Lair:6:   cheibrodos_magma_flow, slime_altar_1, uniq_nessos
Lair:7:   beast_lair_carwin_large_4, st_stairs_3, ice2_lemuel
Lair:8:   grunt_lair_end_beastmaster, grunt_forest_small_clearings
Shoals:1: uniq_frances
Orc:1:    basic_altar
Orc:2:    st_orc_ogre_mass
Ossuary:  ossuary_due_pyramid
Bailey:   bailey_axe_1, bailey

Skill      XL: |  1  2  3  4  5  6  7  8  9 10 11 12 13 14 15 |
---------------+----------------------------------------------+-----
Spellcasting   | 3 4 5 6 8 9 10 | 10.5
Dodging        | 4 5 6 7 8 10 11 12 14 16 18 19 | 19.1
Stealth        | 5 6 7 9 10 | 10.2
Hexes          | 4 5 6 7 8 9 11 | 11.4
Short Blades   | 2 3 5 6 7 9 10 | 10.1
Fighting       | 2 4 5 7 8 10 | 10.3
Charms         | 2 7 9 |  9.0
Air Magic      | 4 5 |  5.6
Invocations    | 4 8 9 |  9.7
Shields        | 5 |  5.9

Action                   |  1- 3 |  4- 6 |  7- 9 | 10-12 | 13-15 || total
-------------------------+-------+-------+-------+-------+-------++-------
Melee: Dagger            |   124 |    91 |   516 |   484 |       ||  1215
       Short sword       |       |    34 |       |       |       ||    34
       Quick blade       |       |       |       |   208 |  1510 ||  1718
 Cast: Corona            |    13 |     1 |       |       |       ||    14
       Ensorcelled Hiber |     6 |    22 |    39 |    53 |   100 ||   220
       Confuse           |     1 |    12 |    50 |    61 |   106 ||   230
       Tukima's Dance    |       |       |       |    12 |    39 ||    51
       Dazzling Spray    |       |       |       |    17 |   209 ||   226
       Repel Missiles    |       |       |       |     1 |       ||     1
Invok: Shadow Step       |       |       |       |       |     2 ||     2
       Shadow Form       |       |       |       |       |     1 ||     1
Evoke: Wand              |       |       |       |       |     1 ||     1
  Use: Scroll            |       |     6 |     4 |    20 |    12 ||    42
       Potion            |       |     1 |       |     3 |     4 ||     8
 Stab: Sleeping          |    14 |    21 |    65 |    91 |   166 ||   357
       Distracted        |     2 |       |     4 |     5 |    22 ||    33
       Confused          |       |     2 |    28 |    42 |    70 ||   142
       Invisible         |       |     3 |       |    14 |   129 ||   146
  Eat: Fruit             |       |     1 |       |     3 |     2 ||     6
       Bread ration      |       |       |     1 |       |       ||     1
       Pizza             |       |       |     1 |     3 |       ||     4
       Royal jelly       |       |       |       |       |     4 ||     4
Armor: Robe              |    14 |     8 |    11 |    12 |    30 ||    75
Dodge: Dodged            |   107 |    88 |   364 |   487 |  1303 ||  2349
       Deflected         |       |       |       |       |     6 ||     6
